 Dungeon Crawl Stone Soup version 0.29-a0-378-gc08b2e8bf8 (webtiles) character file.

Game seed: 3214621974319102076

2263 spaghetti the Tainter (level 9, -11/53 (65) HPs)
             Began as a Gnoll Wanderer on May 5, 2022.
             Was a Priest of Elyvilon (penitent).
             Mangled by Maggie
             ... wielding a +1 vorpal broad axe
              (14 damage)
             ... on level 7 of the Dungeon.
             The game lasted 00:17:02 (8477 turns).

spaghetti the Tainter (Gnoll Wanderer)              Turns: 8477, Time: 00:17:03

HP:   -11/53 (65)   AC:  4    Str: 18    XL:     9   Next: 38%
MP:   16/16         EV: 12    Int: 17    God:    Elyvilon [***...]
Gold: 498           SH:  5    Dex: 10    Spells: 5/18 levels left

rFire   . . .      SeeInvis .   G - +7 war axe {axe}
rCold   . . .      Faith    .   d - +0 buckler
rNeg    . . .      Spirit   .   j - +2 robe {Will+}
rPois   +          Reflect  .   (no helmet)
rElec   .          Harm     .   (no cloak)
rCorr   .          Rampage  .   (no gloves)
Will    +....                   (no boots)
Stlth   +++.......              (no amulet)
HPRegen 0.17/turn               n - ring of poison resistance
MPRegen 0.15/turn               H - +6 ring of strength

@: mesmerised, heavily drained
A: fangs 1, strong nose, distributed training
a: Renounce Religion


You were on level 7 of the Dungeon.
You worshipped Elyvilon.
Elyvilon was demanding penance.
You visited 1 branch of the dungeon, and saw 7 of its levels.

You collected 498 gold pieces.


Innate Abilities, Weirdness & Mutations

You have very sharp teeth.
Your uncanny sense of smell can sniff out nearby items.
Your experience applies equally to all skills.


   Skills:
 + Level 4.2 Fighting
 + Level 4.2 Short Blades
 + Level 4.2 Long Blades
 + Level 4.2 Axes
 + Level 4.2 Maces & Flails
 + Level 4.2 Polearms
 + Level 4.2 Staves
 + Level 4.2 Slings
 + Level 4.2 Bows
 + Level 4.2 Crossbows
 + Level 4.2 Throwing
 + Level 4.2 Armour
 + Level 4.2 Dodging
 + Level 4.9 Stealth
 + Level 6.3 Shields
 + Level 4.2 Unarmed Combat
 + Level 5.1 Spellcasting
 + Level 3.4 Conjurations
 + Level 3.4 Hexes
 + Level 3.4 Summonings
 + Level 3.4 Necromancy
 + Level 3.4 Translocations
 + Level 3.4 Transmutations
 + Level 3.4 Fire Magic
 + Level 5.2 Ice Magic
 + Level 3.4 Air Magic
 + Level 3.4 Earth Magic
 + Level 8.0 Poison Magic
 + Level 4.6 Invocations
 + Level 4.2 Evocations


You had 5 spell levels left.
You knew the following spells:

 Your Spells              Type           Power      Damage    Failure   Level
a - Sting                 Tmut/Pois      92%        1d7       1%          1
b - Ignite Poison         Fire/Tmut/Pois 21%        N/A       7%          3
c - Olgreb's Toxic Radia  Pois           31%        N/A       7%          4
d - Iskenderun's Battles  Conj           16%        2d7       77%         5

Your spell library contained the following spells:

 Spells                   Type           Power      Damage    Failure   Level
 Freeze                   Ice            88%        1d10      1%          1
 Summon Small Mammal      Summ           64%        N/A       4%          1
 Ensorcelled Hibernation  Hex/Ice        38%        N/A       4%          2
 Frozen Ramparts          Ice            44%        1d6       6%          3
 Ozocubu's Armour         Ice            22%        N/A       6%          3
 Passwall                 Tmut/Erth      13%        N/A       7%          2
 Call Canine Familiar     Summ           16%        N/A       13%         3
 Summon Guardian Golem    Hex/Summ       16%        N/A       13%         3
 Swiftness                Air            16%        N/A       13%         3
 Hailstorm                Conj/Ice       19%        3d6       30%         4
 Iron Shot                Conj/Erth      8%         9d3       100%        6
 Ozocubu's Refrigeration  Ice            11%        4d7       100%        7
 Spellforged Servitor     Conj/Summ      8%         N/A       100%        7

Inventory:

Hand Weapons
 a - a +0 club {mace}
 b - a +1 whip of flaming {mace}
   (You took it off Pikel on level 4 of the Dungeon)
 g - a +1 flail of protection {mace}
   (You found it on level 1 of the Dungeon)
 m - a +1 long sword of electrocution {long}
   (You found it on level 7 of the Dungeon)
 o - a +2 dagger of holy wrath {short}
   (You took it off a goblin on level 2 of the Dungeon)
 A - a +1 dagger of venom {short}
   (You took it off a goblin on level 4 of the Dungeon)
 B - a +5 morningstar {mace}
   (You took it off a wight on level 7 of the Dungeon)
 G - a +7 war axe (weapon) {axe}
   (You took it off a wight on level 7 of the Dungeon)
Missiles
 h - 45 stones (quivered) {throwing}
 t - 10 boomerangs {throwing}
 w - 2 atropa-tipped darts {throwing}
 z - 16 poisoned darts {throwing}
 D - 6 javelins {throwing}
Armour
 c - a +0 robe
 d - a +0 buckler (worn)
 j - a +2 robe of willpower (worn)
   (You took it off Pikel on level 4 of the Dungeon)
Jewellery
 n - a ring of poison resistance (left hand)
   (You found it on level 2 of the Dungeon)
 v - a ring of fire
   (You found it on level 7 of the Dungeon)
 H - a +6 ring of strength (right hand)
   (You took it off a wight on level 7 of the Dungeon)
Wands
 E - a wand of polymorph (9)
   (You took it off a wight on level 7 of the Dungeon)
 F - a wand of mindburst (8)
   (You found it on level 6 of the Dungeon)
Scrolls
 f - 6 scrolls of teleportation {@r4}
 i - 2 scrolls of magic mapping {!r}
 l - 3 scrolls of enchant armour
 q - 2 scrolls of silence {!r}
 r - 3 scrolls of noise {!r}
 u - a scroll of fear
 y - a scroll of immolation {unknown}
Potions
 e - a potion of might
 k - 2 potions of brilliance
 p - a potion of ambrosia
 s - a potion of heal wounds {@q2}
 x - 2 potions of berserk rage {!q}
 C - 3 potions of flight {unknown}

Dungeon Overview and Level Annotations

Branches:
Dungeon (7/15)             Temple (0/1) D:4

Altars:
Elyvilon
Hepliaklqana
Nemelex Xobeh

Annotations:
D:3 2 transporters
D:4 1 runed translucent door, royokou's ghost, novice DECj
D:7 Maggie

#.......##.
.########.......
...(..# #..####.
......# #.......
..((..# ##.#####
.(....# #.# ......# #.#
#########@.....# #.##
#.#..##.@......# #..##
#.......######## #.#.#
###..#### ##.## #..#
#.# #..# ########
#.#### #..####<.....#
#.##..
#.......####.#####.##.#
#.#####............##)#
#.........##.########)#


You could see Maggie (mesmerising).


Message History

x - 2 potions of berserk rage
h - 47 stones {throwing} (gained 1)
h - 49 stones {throwing} (gained 2)
h - 50 stones {throwing} (gained 1) Key pressed, stopping explore.
Key pressed, stopping explore.
y - a scroll labelled AGIWUA ZIPTIUX You now have 498 gold pieces (gained 12).
Maggie the Vainglorious comes into view.
She is wielding a +1 vorpal broad axe.
You throw a stone {throwing}.
The stone {throwing} hits Maggie but does no damage.
Maggie shouts!
No target in view!
No target in view!
No target in view!
No target in view!
No target in view!
No target in view!
No target in view!
No target in view!
No target in view!
No target in view!
No target in view!
No target in view!
No target in view!
No target in view!
No target in view!
No target in view!
No target in view!
No target in view!
Unknown command.
Maggie gestures wildly while chanting.
Maggie attempts to bespell you! You resist with almost no effort.
You throw a stone {throwing}. The stone {throwing} hits Maggie.
You throw a stone {throwing}.
The stone {throwing} hits Maggie but does no damage.
You throw a stone {throwing}.
The stone {throwing} closely misses Maggie.
You throw a stone {throwing}.
The stone {throwing} hits Maggie but does no damage.
Maggie gestures at you while chanting. The bolt of fire hits you!
You are too injured to fight recklessly!
You are too injured to fight recklessly!
You are too injured to fight recklessly! 😕 HP[-9]
You take 9 damage, and now have 44/53 hp.
You are too injured to fight recklessly!
You are too injured to fight recklessly!
You are too injured to fight recklessly!
You are too injured to fight recklessly!
You are too injured to fight recklessly!
You are too injured to fight recklessly!
You are too injured to fight recklessly!
You are too injured to fight recklessly!
You are too injured to fight recklessly!
You are too injured to fight recklessly!
You are too injured to fight recklessly!
You are too injured to fight recklessly!
You are too injured to fight recklessly!
You are too injured to fight recklessly!
You are too injured to fight recklessly!
You are too injured to fight recklessly!
Unknown command.
Unknown command.
Maggie hits you with a +1 vorpal broad axe! 😮 HP[-13]
You take 13 damage, and now have 31/53 hp.
MASSIVE DAMAGE!! (PAUSE) Unknown command.
You slash Maggie! You bite Maggie, but do no damage. Maggie closely misses you.
You hit Maggie. Maggie barely misses you. x2
You closely miss Maggie. Maggie barely misses you.
You slash Maggie! Maggie closely misses you. 😮 HP[+1]
You barely miss Maggie. Your bite misses Maggie.
Maggie mumbles some strange words.
Maggie attempts to bespell you! You resist with almost no effort.
Maggie mumbles some strange words.
Maggie attempts to bespell you!
You easily resist.
You closely miss Maggie. You block Maggie's attack.
You hit Maggie.
Maggie casts a spell.
Maggie attempts to bespell you!
You are mesmerised by Maggie!
Unknown command.
You slash Maggie!
Maggie hits you with a +1 vorpal broad axe!
* * * LOW HITPOINT WARNING * * *
x2 😨 HP[-16]
You take 16 damage, and now have 16/53 hp.
MASSIVE DAMAGE!! (PAUSE) Unknown command.
You hit Maggie.
Maggie gives herself a magical halo, but it quickly sputters out.
Maggie hits you with a +1 vorpal broad axe!
* * * LOW HITPOINT WARNING * * *
Elyvilon protects you from harm!
Maggie hits you with a +1 vorpal broad axe!
You die...

Skill      XL: |  1  2  3  4  5  6  7  8  9 |
---------------+----------------------------+-----
Invocations    | 1 2 3 4 |  4.6
Fighting       | 1 2 3 4 |  4.2
Short Blades   | 1 2 3 4 |  4.2
Long Blades    | 1 2 3 4 |  4.2
Axes           | 1 2 3 4 |  4.2
Maces & Flails | 1 2 3 4 |  4.2
Polearms       | 1 2 3 4 |  4.2
Staves         | 1 2 3 4 |  4.2
Slings         | 1 2 3 4 |  4.2
Bows           | 1 2 3 4 |  4.2
Crossbows      | 1 2 3 4 |  4.2
Throwing       | 1 2 3 4 |  4.2
Armour         | 1 2 3 4 |  4.2
Dodging        | 1 2 3 4 |  4.2
Unarmed Combat | 1 2 3 4 |  4.2
Evocations     | 1 2 3 4 |  4.2
Spellcasting   | 3 4 5 |  5.1
Conjurations   | 1 2 3 |  3.4
Hexes          | 1 2 3 |  3.4
Summonings     | 1 2 3 |  3.4
Necromancy     | 1 2 3 |  3.4
Translocations | 1 2 3 |  3.4
Transmutations | 1 2 3 |  3.4
Fire Magic     | 1 2 3 |  3.4
Air Magic      | 1 2 3 |  3.4
Earth Magic    | 1 2 3 |  3.4
Ice Magic      | 4 5 |  5.2
Stealth        | 3 4 |  4.9
Shields        | 5 6 |  6.3
Poison Magic   | 8 |  8.0

Action                   |  1- 3 |  4- 6 |  7- 9 || total
-------------------------+-------+-------+-------++-------
Melee: Club              |    15 |    19 |     6 ||    40
       Dagger            |       |       |   112 ||   112
       Flail             |       |       |    35 ||    35
       Bite              |       |       |    16 ||    16
       War axe           |       |       |    22 ||    22
Throw: Stone             |     3 |    50 |    45 ||    98
       Javelin           |       |       |     1 ||     1
 Cast: Sting             |    49 |    79 |    14 ||   142
       Olgreb's Toxic Ra |       |     1 |    16 ||    17
       Ignite Poison     |       |     1 |    11 ||    12
Invok: Heal Self         |       |     3 |     4 ||     7
       Heal Other        |       |       |     4 ||     4
Evoke: Wand              |       |       |     2 ||     2
  Use: Scroll            |     1 |       |    10 ||    11
       Potion            |       |     6 |     5 ||    11
 Stab: Invisible         |       |     1 |       ||     1
       Sleeping          |       |       |     3 ||     3
Armor: Robe              |     3 |    10 |    35 ||    48
Dodge: Dodged            |    23 |    67 |   105 ||   195
Block: Buckler           |     3 |    14 |    35 ||    52

Levels and vault maps discovered:
D:1:      minmay_arrival_loop, layout_loops_ring,
          shapermc_ecumenical_altar_mp_highgroup, grunt_decor_clamped,
          patterned_corridor
D:2:      layout_basic, minmay_pentomino_u4, uniq_terence
D:3:      gammafunk_steamed_eel, layout_basic, mainiacjoe_overflow_alcove_1,
          minmay_increasing_density
D:4:      layout_loops_ring, nemelex_spade_bored_becter, temple_statues,
          ebering_ghost_reflecting_pool, hangedman_abyss_or_decor_stabs,
          kennysheep_small_spiral, uniq_pikel, uniq_robin
D:5:      layout_basic
D:6:      layout_basic
D:7:      layout_loops_cross, lemuel_coloured_pillars_altar, kennysheep_mini,
          hex_medium, dreamdust_mushroom_princess, uniq_maggie,
          uniq_crazy_yiuf_cottage

Notes
Turn   | Place    | Note
-------+----------+-------------------------------------------
     0 | D:1      | spaghetti the Gnoll Wanderer began the quest for the Orb.
     0 | D:1      | spaghetti set off with the following items: a +0 club
                  | {mace}, a potion of invisibility, a +0 robe, a +0 buckler;
                  | and the following spells available to memorise: Freeze,
                  | Sting, Olgreb's Toxic Radiance, Ozocubu's Armour, Ignite
                  | Poison
     0 | D:1      | Reached XP level 1. HP: 13/13 MP: 4/4
     0 | D:1      | magus.rc [v1.9.6]
     2 | D:1      | Learned a level 1 spell: Sting
   346 | D:1      | Reached XP level 2. HP: 19/19 MP: 0/5
   632 | D:1      | Found a faded altar of an unknown god.
   643 | D:1      | Prayed at the altar of an unknown god.
   643 | D:1      | Became a worshipper of Elyvilon the Healer
   643 | D:1      | Reached * piety under Elyvilon
  1428 | D:2      | Noticed Terence
  1442 | D:2      | Killed Terence
  1443 | D:2      | Reached skill level 1 in Invocations
  1443 | D:2      | Reached XP level 3. HP: 16/25 MP: 1/7
  1448 | D:2      | Learned a level 3 spell: Ignite Poison
  1554 | D:2      | Reached skill level 1 in Fighting
  1554 | D:2      | Reached skill level 1 in Short Blades
  1554 | D:2      | Reached skill level 1 in Long Blades
  1554 | D:2      | Reached skill level 1 in Axes
  1554 | D:2      | Reached skill level 1 in Maces & Flails
  1554 | D:2      | Reached skill level 1 in Polearms
  1554 | D:2      | Reached skill level 1 in Staves
  1554 | D:2      | Reached skill level 1 in Slings
  1554 | D:2      | Reached skill level 1 in Bows
  1554 | D:2      | Reached skill level 1 in Crossbows
  1554 | D:2      | Reached skill level 1 in Throwing
  1554 | D:2      | Reached skill level 1 in Armour
  1554 | D:2      | Reached skill level 1 in Dodging
  1554 | D:2      | Reached skill level 1 in Unarmed Combat
  1554 | D:2      | Reached skill level 1 in Evocations
  1592 | D:2      | You pick up a book of Burglary and begin reading...
  1592 | D:2      | You add the spells Passwall, Ensorcelled Hibernation and
                  | Swiftness to your library.
  1699 | D:2      | Reached ** piety under Elyvilon
  1741 | D:2      | Reached XP level 4. HP: 16/32 MP: 0/8
  2038 | D:2      | Learned a level 4 spell: Olgreb's Toxic Radiance
  2335 | D:2      | Reached skill level 3 in Spellcasting
  2896 | D:3      | You pick up a book of Callings and begin reading...
  2896 | D:3      | You add the spells Summon Small Mammal, Call Canine
                  | Familiar and Summon Guardian Golem to your library.
  2967 | D:3      | Found a transporter.
  3088 | D:3      | Reached skill level 1 in Conjurations
  3088 | D:3      | Reached skill level 1 in Hexes
  3088 | D:3      | Reached skill level 1 in Summonings
  3088 | D:3      | Reached skill level 1 in Necromancy
  3088 | D:3      | Reached skill level 1 in Translocations
  3088 | D:3      | Reached skill level 1 in Transmutations
  3088 | D:3      | Reached skill level 1 in Fire Magic
  3088 | D:3      | Reached skill level 1 in Air Magic
  3088 | D:3      | Reached skill level 1 in Earth Magic
  3178 | D:3      | Found a hazy altar of Hepliaklqana.
  3402 | D:3      | Found a transporter.
  3535 | D:3      | Reached *** piety under Elyvilon
  3989 | D:4      | Noticed a phantom
  4013 | D:4      | Reached XP level 5. HP: 37/37 MP: 5/9
  4114 | D:4      | You pick up a book of Power and begin reading...
  4114 | D:4      | You add the spells Iskenderun's Battlesphere, Iron Shot and
                  | Spellforged Servitor to your library.
  4124 | D:4      | Noticed a lemure
  4139 | D:4      | Noticed a black bear
  4143 | D:4      | Killed a lemure
  4145 | D:4      | Killed a black bear
  4146 | D:4      | Reached skill level 4 in Ice Magic
  4179 | D:4      | Noticed Pikel
  4184 | D:4      | Noticed a lemure
  4191 | D:4      | Noticed a lemure
  4197 | D:4      | Noticed a lemure
  4201 | D:4      | HP: 7/38 [Pikel/+1 whip of flaming (10)]
  4208 | D:4      | HP: 8/38 [Pikel/+1 whip of flaming (2)]
  4213 | D:4      | Killed Pikel
  4213 | D:4      | HP: 8/38 [kobold/+0 short sword (3)]
  4214 | D:4      | Reached skill level 2 in Fighting
  4214 | D:4      | Reached skill level 2 in Short Blades
  4214 | D:4      | Reached skill level 2 in Long Blades
  4214 | D:4      | Reached skill level 2 in Axes
  4214 | D:4      | Reached skill level 2 in Maces & Flails
  4214 | D:4      | Reached skill level 2 in Polearms
  4214 | D:4      | Reached skill level 2 in Staves
  4214 | D:4      | Reached skill level 2 in Slings
  4214 | D:4      | Reached skill level 2 in Bows
  4214 | D:4      | Reached skill level 2 in Crossbows
  4214 | D:4      | Reached skill level 2 in Throwing
  4214 | D:4      | Reached skill level 2 in Armour
  4214 | D:4      | Reached skill level 2 in Dodging
  4214 | D:4      | Reached skill level 3 in Stealth
  4214 | D:4      | Reached skill level 5 in Shields
  4214 | D:4      | Reached skill level 2 in Unarmed Combat
  4214 | D:4      | Reached skill level 2 in Conjurations
  4214 | D:4      | Reached skill level 2 in Hexes
  4214 | D:4      | Reached skill level 2 in Summonings
  4214 | D:4      | Reached skill level 2 in Necromancy
  4214 | D:4      | Reached skill level 2 in Translocations
  4214 | D:4      | Reached skill level 2 in Transmutations
  4214 | D:4      | Reached skill level 2 in Fire Magic
  4214 | D:4      | Reached skill level 2 in Air Magic
  4214 | D:4      | Reached skill level 2 in Earth Magic
  4214 | D:4      | Reached skill level 2 in Invocations
  4214 | D:4      | Reached skill level 2 in Evocations
  4214 | D:4      | Reached XP level 6. HP: 10/46 MP: 9/11
  4214 | D:4      | Reached XP level 7. HP: 11/51 MP: 9/12
  4441 | D:4      | Reached skill level 3 in Invocations
  4445 | D:4      | Reached skill level 4 in Spellcasting
  4498 | D:4      | Reached XP level 8. HP: 23/57 MP: 6/14
  4786 | D:4      | Found a sparkling altar of Nemelex Xobeh.
  5264 | D:4      | Noticed Robin
  5268 | D:4      | Killed Robin
  5269 | D:4      | Reached skill level 3 in Fighting
  5269 | D:4      | Reached skill level 3 in Short Blades
  5269 | D:4      | Reached skill level 3 in Long Blades
  5269 | D:4      | Reached skill level 3 in Axes
  5269 | D:4      | Reached skill level 3 in Maces & Flails
  5269 | D:4      | Reached skill level 3 in Polearms
  5269 | D:4      | Reached skill level 3 in Staves
  5269 | D:4      | Reached skill level 3 in Slings
  5269 | D:4      | Reached skill level 3 in Bows
  5269 | D:4      | Reached skill level 3 in Crossbows
  5269 | D:4      | Reached skill level 3 in Throwing
  5269 | D:4      | Reached skill level 3 in Armour
  5269 | D:4      | Reached skill level 3 in Dodging
  5269 | D:4      | Reached skill level 3 in Unarmed Combat
  5269 | D:4      | Reached skill level 3 in Evocations
  5707 | D:4      | Found a staircase to the Ecumenical Temple.
  5770 | D:4      | Found a runed translucent door.
  5772 | D:4      | Noticed royokou's ghost (novice DECj)
  5848 | D:5      | Entered Level 5 of the Dungeon
  6362 | D:5      | Reached **** piety under Elyvilon
  6374 | D:5      | Reached skill level 4 in Stealth
  6941 | D:6      | You pick up a book of Frost and begin reading...
  6941 | D:6      | You add the spells Frozen Ramparts and Hailstorm to your
                  | library.
  7333 | D:6      | Noticed a wyvern
  7340 | D:6      | Killed a wyvern
  7341 | D:6      | Reached skill level 3 in Conjurations
  7341 | D:6      | Reached skill level 3 in Hexes
  7341 | D:6      | Reached skill level 3 in Summonings
  7341 | D:6      | Reached skill level 3 in Necromancy
  7341 | D:6      | Reached skill level 3 in Translocations
  7341 | D:6      | Reached skill level 3 in Transmutations
  7341 | D:6      | Reached skill level 3 in Fire Magic
  7341 | D:6      | Reached skill level 3 in Air Magic
  7341 | D:6      | Reached skill level 3 in Earth Magic
  7341 | D:6      | Reached skill level 4 in Invocations
  7546 | D:7      | Reached skill level 6 in Shields
  7546 | D:7      | Reached skill level 5 in Ice Magic
  7546 | D:7      | Reached XP level 9. HP: 46/65 MP: 4/16
  7552 | D:7      | Learned a level 5 spell: Iskenderun's Battlesphere
  7598 | D:7      | HP: 14/65 [something/magic dart (8)]
  7599 | D:7      | HP: 3/65 [something/puff of flame (11)]
  7601 | D:7      | Reached skill level 4 in Fighting
  7601 | D:7      | Reached skill level 4 in Short Blades
  7601 | D:7      | Reached skill level 4 in Long Blades
  7601 | D:7      | Reached skill level 4 in Axes
  7601 | D:7      | Reached skill level 4 in Maces & Flails
  7601 | D:7      | Reached skill level 4 in Polearms
  7601 | D:7      | Reached skill level 4 in Staves
  7601 | D:7      | Reached skill level 4 in Slings
  7601 | D:7      | Reached skill level 4 in Bows
  7601 | D:7      | Reached skill level 4 in Crossbows
  7601 | D:7      | Reached skill level 4 in Throwing
  7601 | D:7      | Reached skill level 4 in Armour
  7601 | D:7      | Reached skill level 4 in Dodging
  7601 | D:7      | Reached skill level 4 in Unarmed Combat
  7601 | D:7      | Reached skill level 4 in Evocations
  7621 | D:7      | HP: 15/65 [kobold brigand/+0 dagger (3)]
  7625 | D:7      | Reached skill level 5 in Spellcasting
  7832 | D:7      | Was placed under penance by Elyvilon
  8168 | D:7      | HP: 11/54 [wight/+0 morningstar (3)]
  8170 | D:7      | HP: 4/52 [wight/+0 scimitar (2)]
  8175 | D:7      | HP: 10/52 [wight/+0 morningstar (12)]
  8176 | D:7      | HP: 4/49 [wight/+0 morningstar (4)]
  8180 | D:7      | Reached skill level 8 in Poison Magic
  8461 | D:7      | Noticed Maggie
  8477 | D:7      | HP: 3/53 [Maggie/+1 vorpal broad axe (14)]
  8477 | D:7      | Elyvilon protects you from harm!
  8477 | D:7      | Mangled by Maggie

Vanquished Creatures
  Pikel (D:4)
  A wyvern (D:6)
  2 orc warriors (D:7)
  A black bear (D:4)
  A lemure (D:4)
  A centaur (D:6)
  A phantom (D:4)
  A kobold brigand (D:7)
  A necrophage (D:6)
  3 scorpions
  4 wights (D:7)
  2 howler monkeys
  4 hounds
  A jelly (D:5)
  3 orc priests
  Terence (D:2)
  5 orc wizards
  Robin (D:4)
  2 adders
  A shadow imp (D:6)
  A white imp (D:5)
  An ufetubus (D:4)
  A worm (D:2)
  15 orcs
  8 ball pythons
  4 bats
  6 endoplasms
  7 giant cockroaches
  13 hobgoblins
  3 jackals (D:2)
  A quokka (D:3)
  4 frilled lizards
  19 goblins
  17 kobolds
  4 rats
141 creatures vanquished.

Vanquished Creatures (others)
  2 wights (D:7)
  6 fungi (D:7)
8 creatures vanquished.

Grand Total: 149 creatures vanquished

Table legend:
 A = Non-vault XP
 B = Vault XP
 C = Vault XP percentage of total XP
 D = Non-vault monster count
 E = Vault monster count
 F = Vault count percentage of total count
                 A         B        C        D         E       F
            +---------+---------+-------+---------+---------+-------
      Total |    2295 |     754 |  24.7 |     115 |      24 |  17.3
            +---------+---------+-------+---------+---------+-------
        D:1 |      29 |       0 |   0.0 |      17 |       0 |   0.0
        D:2 |      47 |      43 |  47.8 |      24 |       4 |  14.3
        D:3 |      27 |       9 |  25.0 |       8 |       6 |  42.9
        D:4 |     482 |     702 |  59.3 |      28 |      14 |  33.3
        D:5 |     268 |       0 |   0.0 |       9 |       0 |   0.0
        D:6 |     669 |       0 |   0.0 |       8 |       0 |   0.0
        D:7 |     773 |       0 |   0.0 |      21 |       0 |   0.0
            +---------+---------+-------+---------+---------+-------

Illustrated notes

Table legend:
 A = Kills in this place as a percentage of kills in entire the game.
 B = Kills by you in this place as a percentage of kills by you in the entire game.
 C = Kills by friends in this place as a percentage of kills by friends in the entire game.
 D = Other kills in this place as a percentage of other kills in the entire game.
 E = Experience gained in this place as a percentage of experience gained in the entire game.
 F = Experience gained in this place divided by the number of levels of this place that you have seen.
                   A       B       C       D       E      F
               +-------+-------+-------+-------+-------+----------------------
         Total | 100.0 | 100.0 |   N/A |   N/A | 100.0 | 435.6
       Dungeon | 100.0 | 100.0 |   N/A |   N/A | 100.0 | 435.6
               +-------+-------+-------+-------+-------+----------------------

Table legend: (Time is in decaauts)
 A = Elapsed time spent in this place.
 B = Non-inter-level travel time spent in this place.
 C = Inter-level travel time spent in this place.
 D = Time resting spent in this place.
 E = Time spent auto-exploring this place.
 F = Levels seen in this place.
 G = Mean time per level.
                   A        B        C        D        E       F      G
               +--------+--------+--------+--------+--------+-----+--------+
         Total |   8468 |   8234 |    234 |   1889 |   5291 |   7 | 1209.7 |
       Dungeon |   8468 |   8234 |    234 |   1889 |   5291 |   7 | 1209.7 |
               +--------+--------+--------+--------+--------+-----+--------+

Top non-repeatable levels by time:
     D:4: 1856 daAuts
     D:1: 1517 daAuts
     D:2: 1377 daAuts
     D:3: 1118 daAuts
     D:7: 921 daAuts
     D:5: 886 daAuts
     D:6: 790 daAuts
